 Dungeon Crawl Stone Soup version 0.16-a0-1813-g064e3e6 (console) character file.

9062 TALISMASHER the Basher (level 11, -2/75 HPs)
             Began as a Formicid Fighter on Nov 10, 2014.
             Was a Priest of Nemelex Xobeh.
             Slain by an eight-headed hydra (9 damage)
             ... on level 1 of the Lair of Beasts.
             The game lasted 00:24:13 (10589 turns).

TALISMASHER the Basher (Formicid Fighter)          Turns: 10589, Time: 00:24:13

Health: -2/75      AC: 16    Str: 22    XL:     11   Next: 67%
Magic:  24/24      EV:  9    Int:  7    God:    Nemelex Xobeh [***...]
Gold:   577        SH: 11    Dex: 13    Spells: 0 memorised, 10 levels left

rFire  . . .     SeeInvis +     a - +2 demon trident (vamp)
rCold  . . .     Clarity  .     q - +1 scale mail {MR+}
rNeg   . . .     SustAb   .     c - +0 shield (curse)
rPois  +         Gourm    .     (helmet unavailable)
rElec  .         Spirit   .     (no cloak)
rCorr  .         Warding  .     u - +1 pair of gloves
rMut   .         Stasis   +     k - +0 pair of boots (curse)
MR     +++..                    (no amulet)
Stlth  ++........               I - cursed ring of protection from magic
                                x - ring of poison resistance

@: especially stealthy, extremely resistant to hostile enchantments, unstealthy
A: permanent stasis, dig shafts and tunnels, four strong arms, antennae 3,
iridescent scales 1
a: Dig, Shaft Self, Triple Draw, Renounce Religion


You were on level 1 of the Lair of Beasts.
You worshipped Nemelex Xobeh.
Nemelex Xobeh was most pleased with you.
You were not hungry.

You visited 3 branches of the dungeon, and saw 12 of its levels.
You also visited: Ossuary.

You collected 577 gold pieces.

Inventory:

Hand weapons
 a - a +2 vampiric demon trident (weapon)
 K - a +0 blowgun
Missiles
 L - 2 throwing nets (quivered)
Armour
 c - a cursed +0 shield (worn)
 k - a cursed +0 pair of boots (worn)
 q - a +1 scale mail of magic resistance (worn)
 u - a +1 pair of gloves (worn)
Jewellery
 m - an uncursed ring of flight
 x - a ring of poison resistance (left hand)
 I - a cursed ring of protection from magic (right hand)
Magical devices
 v - a wand of polymorph (16)
 y - a wand of digging (16)
Scrolls
 h - a scroll of immolation
 i - 3 scrolls of amnesia
 l - a scroll of fog
 n - a scroll of identify
 o - 3 scrolls of fear
 s - 9 scrolls of remove curse
 N - a scroll of enchant armour
Potions
 b - 5 potions of resistance
 e - a potion of might
 f - a potion of magic
 g - 6 potions of curing
 r - a potion of cure mutation
 t - a potion of restore abilities
 B - 3 potions of agility
 D - 3 potions of heal wounds
 H - a potion of brilliance
Books
 j - a Grand Grimoire {highlevel, unknown}

   This book is beyond your current level of understanding.

   Spells                             Type                      Level
   Aura of Abjuration                 Summoning                    6
   Forceful Dismissal                 Summoning                    6
   Summon Greater Demon               Summoning                    7
   Malign Gateway                     Summoning/Translocation      7
   Summon Horrible Things             Summoning                    8
 p - a book of Dreams

   Spells                             Type                      Level
   Ensorcelled Hibernation            Hexes/Ice                    2
   Flight                             Charms/Air                   3
   Phase Shift                        Translocation                5
   Shadow Creatures                   Summoning                    5
   Mass Confusion                     Hexes                        6
   Darkness                           Hexes                        7
 F - a Necronomicon {highlevel, unknown}

   This book is beyond your current level of understanding.

   Spells                             Type                      Level
   Haunt                              Necromancy/Summoning         7
   Borgnjor's Revivification          Necromancy                   8
   Death's Door                       Charms/Necromancy            8
   Necromutation                      Transmutation/Necromancy     8
 J - a book of Necromancy

   Spells                             Type                      Level
   Pain                               Necromancy                   1
   Animate Skeleton                   Necromancy                   1
   Vampiric Draining                  Necromancy                   3
   Regeneration                       Charms/Necromancy            3
   Animate Dead                       Necromancy                   4
   Control Undead                     Necromancy                   4
Miscellaneous
 A - a plain deck of escape {drawn: 1}
 E - a plain deck of escape
 G - a plain deck of war {drawn: 10}
 M - a plain deck of war
Comestibles
 d - 11 bread rations
 w - a meat ration
 z - 3 slices of pizza
 C - a royal jelly


   Skills:
 - Level 3.2 Fighting
   Level 10.4 Maces & Flails
 + Level 9.8 Polearms
 + Level 6.0 Armour
 - Level 8.1 Shields
 - Level 8.2 Evocations


You had 10 spell levels left.
You didn't know any spells.

Dungeon Overview and Level Annotations

Branches:
Dungeon (10/15)            Temple (1/1) D:6            Lair (1/8) D:9
    Orc: D:9-12

Altars:
Ashenzari
Cheibriados
Dithmenos
Elyvilon
Fedhas
Kikubaaqudgha
Makhleb
Nemelex Xobeh
Qazlal
Ru
Sif Muna
Vehumet
Xom
Yredelemnul
Zin
The Shining One

Shops:
D:9 =


Innate Abilities, Weirdness & Mutations

You are under a permanent stasis effect.
You can dig through walls and to a lower floor.
Your four strong arms can wield two-handed weapons with a shield.
You have a pair of large antennae on your head (SInv).
You are partially covered in iridescent scales (AC +4).


Message History

You see here a hound corpse.
Evoke which item? (* to show all) (? for menu, Esc to quit)
You draw a card...
It is Velocity.
The eight-headed hydra seems to speed up.
The eight-headed hydra bites you but does no damage.
The eight-headed hydra bites you.
The eight-headed hydra bites you but does no damage.
The eight-headed hydra bites you.
You block the eight-headed hydra's attack.
The eight-headed hydra bites you but does no damage. x2
You block the eight-headed hydra's attack. x2
The eight-headed hydra bites you. The eight-headed hydra bites you!
* * * LOW HITPOINT WARNING * * *
The eight-headed hydra bites you but does no damage.
The eight-headed hydra bites you.
* * * LOW HITPOINT WARNING * * *
The eight-headed hydra completely misses you.
The eight-headed hydra bites you!
You die...
Your body glows slightly and disappears.

#.....###P#.##.#.....
##...## #############
#...## #.....#..##
##.# ##..# # #..#
#..## ##..# # #@.# .#
#.#D#####$.##
###...#......
##..........
##...........
#............
##.....>....
####....... ##.....


You could see an eight-headed hydra.

Vanquished Creatures
  3 unseen horrors (D:10)
  2 molten gargoyles (D:10)
  A troll (D:10)
  Grinder (D:5)
  A shadow (D:8)
  A spriggan (D:7)
  A yak (D:10)
  A steam dragon (D:8)
  Edmund (D:6)
  2 water moccasins
  7 ogres
  2 orc warriors
  2 phantoms
  3 sky beasts
  4 ice beasts
  7 centaurs
  Sigmund (D:2)
  A crocodile (D:7)
  2 giant frogs
  12 scorpions (Ossuary)
  3 killer bees (D:8)
  3 wights (D:8)
  A lava snake (D:10)
  A centaur skeleton (D:9)
  A centaur zombie (Ossuary)
  2 goliath beetles
  A quasit (D:9)
  5 crimson imps
  A giant frog skeleton (D:4)
  2 iguanas
  2 human zombies (Ossuary)
  4 jellies
  3 orc priests
  3 hounds
  4 orc wizards
  3 worker ants
  A big kobold zombie (Ossuary)
  Jessica (D:2)
  A hound skeleton (D:8)
  Terence (D:2)
  4 mummies
  8 green rats (Lair:1)
  3 gnolls (D:7)
  6 scorpion zombies (Ossuary)
  A worker ant zombie (D:6)
  11 adders
  A shadow imp (D:8)
  2 worms
  31 orcs
  8 bats
  A bat zombie (D:6)
  3 giant cockroaches
  9 hobgoblins
  2 quokkas
  A ball python (D:2)
  8 giant geckos
  7 giant newts
  2 gnoll zombies
  10 goblins
  A hobgoblin zombie (Ossuary)
  5 jackals
  15 kobolds
  3 kobold zombies (Ossuary)
  A quokka zombie (D:7)
  18 rats
  3 rat skeletons
  2 rat zombies (D:7)
  3 ballistomycetes
267 creatures vanquished.

Vanquished Creatures (collateral kills)
  A hill giant (D:10)
  A cyclops (D:10)
  2 molten gargoyles (D:10)
  A troll (D:9)
  A wyvern (D:10)
  An eye of draining (D:10)
  A scorpion (D:10)
  A yak zombie (D:10)
  An iguana (D:10)
  An adder (D:10)
  An orc (D:10)
  2 hobgoblins (D:10)
  A quokka (D:10)
15 creatures vanquished.

Vanquished Creatures (others)
  An ugly thing (Lair:1)
  2 yaktaurs (D:10)
  2 giant spores
  A hobgoblin zombie (Ossuary)
6 creatures vanquished.

Grand Total: 288 creatures vanquished

Notes
Turn   | Place    | Note
--------------------------------------------------------------
     0 | D:1      | TALISMASHER, the Formicid Fighter, began the quest for the Orb.
     0 | D:1      | Reached XP level 1. HP: 18/18 MP: 1/1
   236 | D:1      | Reached XP level 2. HP: 24/24 MP: 3/3
   833 | D:1      | Reached XP level 3. HP: 19/29 MP: 4/4
   863 | D:2      | Noticed Sigmund
   917 | D:2      | Noticed Terence
  1078 | D:2      | Killed Terence
  1323 | D:2      | Killed Sigmund
  1323 | D:2      | Reached skill level 4 in Maces & Flails
  1323 | D:2      | Reached XP level 4. HP: 30/35 MP: 5/5
  1323 | D:2      | Reached XP level 5. HP: 35/41 MP: 7/7
  1397 | D:2      | Reached skill level 5 in Maces & Flails
  1437 | D:2      | Noticed Jessica
  1445 | D:2      | Killed Jessica
  1854 | D:3      | Found a stormy altar of Qazlal.
  2071 | D:3      | Reached XP level 6. HP: 44/47 MP: 8/8
  2368 | D:4      | Reached skill level 6 in Maces & Flails
  2708 | D:4      | Found a blossoming altar of Fedhas.
  2736 | D:4      | Reached XP level 7. HP: 49/52 MP: 9/9
  2874 | D:4      | Reached skill level 7 in Maces & Flails
  3012 | D:4      | Found a basalt altar of Yredelemnul.
  3060 | D:5      | Entered Level 5 of the Dungeon
  3131 | D:5      | Noticed Grinder
  3153 | D:5      | Killed Grinder
  3153 | D:5      | Reached skill level 5 in Shields
  3153 | D:5      | Reached XP level 8. HP: 35/58 MP: 11/11
  3433 | D:5      | Got a steaming dagger
  3438 | D:5      | Identified the +9 dagger of the Original Sin {drain, MR++} (You found it on level 5 of the Dungeon)
  3480 | D:5      | Reached skill level 8 in Maces & Flails
  4055 | D:5      | Found a glowing golden altar of the Shining One.
  4458 | D:6      | Found a blossoming altar of Fedhas.
  4671 | D:6      | Reached skill level 9 in Maces & Flails
  4671 | D:6      | Reached XP level 9. HP: 64/64 MP: 12/12
  4719 | D:6      | Noticed Edmund
  4773 | D:6      | Killed Edmund
  4899 | D:6      | Found a staircase to the Ecumenical Temple.
  4909 | Temple   | Entered the Ecumenical Temple
  4921 | Temple   | Became a worshipper of Nemelex Xobeh the Trickster
  5084 | D:7      | Received a gift from Nemelex Xobeh
  5167 | D:7      | Reached skill level 5 in Evocations
  5260 | D:7      | Found a sand-covered staircase.
  5268 | Ossuary  | Entered an ossuary
  5896 | Ossuary  | Reached XP level 10. HP: 61/70 MP: 22/22
  6185 | D:7      | Found a shadowy altar of Dithmenos.
  6300 | D:7      | Received a gift from Nemelex Xobeh
  6342 | D:7      | Gained mutation: You are partially covered in iridescent scales (AC +4). [potion of beneficial mutation]
  6401 | D:7      | Reached skill level 10 in Maces & Flails
  6401 | D:7      | Reached skill level 5 in Armour
  6996 | D:8      | Received a gift from Nemelex Xobeh
  7215 | D:8      | Reached skill level 1 in Polearms
  7744 | D:9      | Received a gift from Nemelex Xobeh
  7753 | D:9      | Found a shimmering altar of Xom.
  8233 | D:9      | Found a staircase to the Lair.
  8238 | D:9      | Found Vuygih's Jewellery Shop.
  8388 | D:9      | Received a gift from Nemelex Xobeh
  8487 | D:10     | Entered Level 10 of the Dungeon
  8506 | D:10     | Noticed an unseen horror
  8509 | D:10     | Noticed a cyclops
  8811 | D:10     | Killed an unseen horror
  8811 | D:10     | Reached skill level 5 in Polearms
  8811 | D:10     | Reached XP level 11. HP: 71/75 MP: 24/24
  8816 | D:10     | Killed a cyclops
  8924 | D:10     | Acquired Nemelex Xobeh's first power
  9140 | D:10     | Noticed an unseen horror
  9149 | D:10     | Killed an unseen horror
  9228 | D:10     | Noticed a molten gargoyle
  9243 | D:10     | Noticed a molten gargoyle
  9250 | D:10     | Killed a molten gargoyle
  9256 | D:10     | Killed a molten gargoyle
  9531 | D:10     | Noticed a molten gargoyle
  9552 | D:10     | Killed a molten gargoyle
  9571 | D:10     | Noticed a hill giant
  9576 | D:10     | Killed a hill giant
  9716 | D:10     | Noticed a molten gargoyle
  9734 | D:10     | Killed a molten gargoyle
  9931 | D:10     | Received a gift from Nemelex Xobeh
 10048 | D:10     | Noticed an unseen horror
 10057 | D:10     | Killed an unseen horror
 10341 | Lair:1   | Entered Level 1 of the Lair of Beasts
 10554 | Lair:1   | Noticed an eight-headed hydra
 10589 | Lair:1   | Slain by an eight-headed hydra

Action                   |  1- 3 |  4- 6 |  7- 9 | 10-12 || total
-------------------------+-------+-------+-------+-------++-------
Melee: Flail             |   124 |   193 |   497 |   170 ||   984
       Unarmed           |     2 |     5 |       |       ||     7
       Morningstar       |       |       |       |   145 ||   145
       Demon trident     |       |       |       |   168 ||   168
 Abil: Dig               |       |       |     3 |       ||     3
Evoke: Wand              |       |       |     1 |       ||     1
       Deck              |       |       |       |    22 ||    22
  Use: Potion            |     1 |       |     3 |     2 ||     6
       Scroll            |       |       |    13 |     9 ||    22
  Eat: Chunk             |     1 |     5 |    12 |    15 ||    33
       Bread ration      |       |       |       |     1 ||     1
